 Dungeon Crawl Stone Soup version 0.28.0-53-g5a82cb258f (webtiles) character file.

Game seed: 9641217875052158405

63 Peloso the Skirmisher (level 3, -5/34 HPs)
             Began as a Minotaur Fighter on July 6, 2022.
             Killed by nerve-wracking pain
             ... invoked by an orc priest
              (13 damage)
             ... on level 4 of the Dungeon.
             The game lasted 00:01:53 (1299 turns).

Peloso the Skirmisher (Minotaur Fighter)            Turns: 1299, Time: 00:01:54

Health: -5/34      AC:  7    Str: 20    XL:     3   Next: 87%
Magic:  2/2        EV:  9    Int:  5    God:
Gold:   33         SH:  4    Dex: 11    Spells: 2/2 levels left

rFire   . . .      SeeInvis .   a - +0 long sword
rCold   . . .      Faith    .   c - +0 buckler
rNeg    . . .      Spirit   .   b - +0 scale mail
rPois   .          Reflect  .   (helmet restricted)
rElec   .          Harm     .   (no cloak)
rCorr   .          Rampage  .   (no gloves)
Will    .....                   (no boots)
Stlth   ..........              (no amulet)
HPRegen 0.11/turn               (no ring)
MPRegen 0.08/turn               (no ring)

@: no status effects
A: horns 2, retaliatory headbutt
a: no special abilities


You were on level 4 of the Dungeon.
You visited 1 branch of the dungeon, and saw 3 of its levels.

You collected 33 gold pieces.

Inventory:

Hand Weapons
 a - a +0 long sword (weapon)
Armour
 b - a +0 scale mail (worn)
 c - a +0 buckler (worn)
Wands
 h - a wand of acid (14)
 i - a wand of paralysis (11)
Scrolls
 e - 5 scrolls of identify {unknown}
 g - a scroll of fear {unknown}
 j - a scroll of enchant weapon {unknown}
Potions
 d - a potion of might
 f - a potion of brilliance {unknown}


   Skills:
 + Level 4.4 Fighting
 + Level 3.3 Long Blades
 + Level 4.2 Armour
 + Level 0.1 Dodging
 + Level 4.0 Shields


You had 2 spell levels left.
You didn't know any spells.
Your spell library was empty.

Dungeon Overview and Level Annotations

Branches:
Dungeon (2/15)

Altars:


Innate Abilities, Weirdness & Mutations

You have a pair of horns on your head.
You reflexively headbutt those who attack you in melee.


Message History

The dart slug is almost dead.
The dart slug barely misses you.
You hit the dart slug.
You kill the dart slug!
Your Long Blades skill increases to level 3!
You see here a dart slug corpse.
A sourceless malevolence fills the Dungeon...
You fall into a shaft and drop 2 floors!
The shaft crumbles and collapses.
Found a crooked bronze wand and a tapered bone wand.
h - a wand of acid (14)
Found a scroll labelled IBROVO TIOWAAKK.
i - a wand of paralysis (11)
j - a scroll labelled IBROVO TIOWAAKK A gnoll comes into view.
It is wielding a +0 halberd.
The gnoll shouts!
A gnoll comes into view. It is wielding a +0 flail.
The gnoll shouts!
You hear a shout!
The gnoll hits you with a +0 flail!
The gnoll hits you from afar with a +0 halberd.
You barely miss the gnoll. You headbutt the gnoll.
The gnoll is moderately wounded.
The gnoll hits you with a +0 flail.
The gnoll hits you from afar with a +0 halberd!
The gnoll barely misses you.
The gnoll hits you from afar with a +0 halberd.
* * * LOW HITPOINT WARNING * * *
You completely miss the gnoll. You headbutt the gnoll!
You kill the gnoll!
The gnoll hits you from afar with a +0 halberd.
* * * LOW HITPOINT WARNING * * *
Unknown command.
A gnoll comes into view. It is wielding a +0 halberd.
Found a leather armour.
An orc priest comes into view. It is wielding a +0 hand axe.
Found 10 gold pieces.
Found a stone staircase leading up.
The orc priest shouts!
You hear a shout! x2
The orc priest calls down the wrath of Beogh upon you.
Pain shoots through your body!
You die...

#.# #.# #.# #.# #
#[#
#.#.##############
.
#.#..g..##......gg
....#...###.##g#
.......@..#.##.#
........#o#.##.#
<..#....#.#)##g#
.. +....# #g...# $
###### #..###
#..######
#........
#......## #......#


You could see an orc priest.

Vanquished Creatures
  Natasha (D:2)
  2 gnolls
  A dart slug (D:2)
  3 endoplasms (D:1)
  A giant cockroach (D:1)
  2 jackals (D:1)
  A quokka (D:1)
  2 ball pythons (D:1)
  3 bats (D:1)
  A frilled lizard (D:1)
  A kobold (D:1)
  2 rats (D:1)
20 creatures vanquished.

Vanquished Creatures (others)
  13 plants (D:1)
13 creatures vanquished.

Grand Total: 33 creatures vanquished

Notes
Turn   | Place    | Note
-------+----------+-------------------------------------------
     0 | D:1      | Peloso the Minotaur Fighter began the quest for the Orb.
     0 | D:1      | Reached XP level 1. HP: 19/19 MP: 0/0
   220 | D:1      | Found a faded altar of an unknown god.
   429 | D:1      | Reached XP level 2. HP: 27/27 MP: 1/1
  1179 | D:2      | Noticed Natasha
  1181 | D:2      | Noticed a crimson imp
  1186 | D:2      | Killed Natasha
  1187 | D:2      | Reached XP level 3. HP: 28/34 MP: 2/2
  1251 | D:2      | You fall into a shaft and drop 2 floors!
  1299 | D:4      | Killed from afar by an orc priest

Illustrated notes

Levels and vault maps discovered:
D:1:      arrival_zaba_pyramid, layout_basic, dilly_ecumenical_altar_fadedgnrine
D:2:      layout_loops_ring, small_statue_intersection, uniq_robin, uniq_natasha
D:4:      layout_basic, uniq_edmund

Skill      XL: |  1  2  3 |
---------------+----------+-----
Armour         | 4 |  4.2
Fighting       | 4 |  4.4
Shields        | 4 |  4.0
Long Blades    | 3 |  3.3
Dodging        | |  0.1

Action                   || total
-------------------------++-------
Melee: Long sword        ||    61
       Headbutt          ||    14
Armor: Scale mail        ||    30
Dodge: Dodged            ||    25
Block: Buckler           ||    11
